 Dungeon Crawl Stone Soup version 0.18-a0-486-gab6c0bd (webtiles) character file.

50 M4edhros the Charlatan (level 3, -2/23 HPs)
             Began as an Octopode Artificer on Dec 2, 2015.
             Was an Initiate of Okawaru.
             Slain by Crazy Yiuf
             ... wielding a +3 quarterstaff of chaos
              (10 damage)
             ... on level 2 of the Dungeon.
             The game lasted 00:02:48 (1866 turns).

M4edhros the Charlatan (Octopode Artificer)         Turns: 1866, Time: 00:02:48

Health: -2/23      AC:  1    Str: 10    XL:     3   Next: 79%
Magic:  6/6        EV: 16    Int: 18    God:    Okawaru [......]
Gold:   116        SH:  0    Dex: 12    Spells: 0 memorised, 2 levels left

rFire  . . .     SeeInvis .     l - -2 dagger (curse)
rCold  . . .     Clarity  .     (no shield)
rNeg   . . .     SustAt   .     s - +0 hat
rPois  .         Gourm    .     (no amulet)
rElec  .         Spirit   .     o - +3 ring of intelligence
rCorr  .         Dismiss  .     x - +4 ring of evasion
rMut   .         Stasis   .     (no ring)
MR     .....                    (no ring)
Stlth  +++.......               (no ring)
                                (no ring)
                                (no ring)
                                (no ring)

@: very slightly contaminated, invisible, not resistant to hostile enchantments,
fairly stealthy
A: almost no armour, amphibious, 8 rings, constrict 8, camouflage 1, gelatinous
body 1
a: Renounce Religion


You were on level 2 of the Dungeon.
You worshipped Okawaru.
Okawaru was noncommittal.
You were not hungry.

You visited 2 branches of the dungeon, and saw 5 of its levels.

You collected 116 gold pieces.

Inventory:

Hand Weapons
 a - a +0 short sword
 l - a cursed -2 dagger (weapon)
 y - a +4 mace
Missiles
 g - 7 javelins
 j - 46 stones (quivered)
Armour
 s - a +0 hat (worn)
Jewellery
 o - a +3 ring of intelligence (left tentacle)
 x - a +4 ring of evasion (right tentacle)
Wands
 b - a wand of flame (15)
 c - a wand of enslavement (14)
 d - a wand of random effects (9)
Scrolls
 f - 2 scrolls of amnesia
 r - a scroll of enchant weapon
Potions
 h - a potion of brilliance
 i - 2 potions of cancellation
 m - a potion of cure mutation {unknown}
 n - a potion of flight {unknown}
 p - a potion of heal wounds {unknown}
 u - a potion of curing {unknown}
Books
 v - a book of Spatial Translocations

   Spells                             Type                      Level
   a - Apportation                    Translocation                1
   b - Blink                          Translocation                2
   c - Shroud of Golubria             Charms/Translocation         2
   d - Portal Projectile              Translocation                3
   e - Teleport Other                 Translocation                3
   f - Passage of Golubria            Translocation                4
Comestibles
 e - 4 bread rations
 q - 5 fruits
 w - a slice of pizza


   Skills:
 - Level 1.0 Fighting
 - Level 1.0 Short Blades
 - Level 2.0 Dodging
 + Level 3.5 Stealth
 + Level 4.3 Evocations


You had 2 spell levels left.
You didn't know any spells.

Dungeon Overview and Level Annotations

Branches:
Dungeon (4/15)             Temple (1/1) D:4

Altars:
Ashenzari
Cheibriados
Gozag
Makhleb
Okawaru
Trog
Yredelemnul
The Shining One

Annotations:
D:2 Crazy Yiuf
D:4 George's ghost, novice DsFi


Innate Abilities, Weirdness & Mutations

You cannot wear most types of armour.
You are amphibious.
You can wear up to eight rings at the same time.
You can use your tentacles to constrict eight enemies at once.
Your skin changes colour to match your surroundings (Stealth).
Your rubbery body absorbs attacks (AC +1).


Message History

Crazy Yiuf shouts!
Crazy Yiuf cries, "Defame!"
Evoke which item? (* to show all) (? for menu, Esc to quit)
Zapping:
d - a wand of random effects (11)
Press: ? - help, Shift-Dir - straight line, f/p - Crazy Yiuf
Aim: Crazy Yiuf, wielding a quarterstaff of chaos, wearing a glowing cloak and carrying a wand of magic darts {zapped: 2} (heavily wounded) Nothing appears to happen.
This wand has 10 charges left.
Evoke which item? (* to show all) (? for menu, Esc to quit)
Zapping:
d - a wand of random effects (10)
Press: ? - help, Shift-Dir - straight line, f/p - Crazy Yiuf
Aim: Crazy Yiuf, wielding a quarterstaff of chaos, wearing a glowing cloak and carrying a wand of magic darts {zapped: 2} (heavily wounded, hasn't noticed you) Nothing appears to happen.
This wand has 9 charges left.
Crazy Yiuf closely misses you.
You barely miss Crazy Yiuf. Your grab misses Crazy Yiuf.
You squeeze Crazy Yiuf!
Crazy Yiuf is almost dead.
You barely miss Crazy Yiuf. Your grab misses Crazy Yiuf.
Crazy Yiuf is almost dead.
Crazy Yiuf hits you with a quarterstaff of chaos!
You die...

#...........
#...........
#)......####
#.......# #
#######.......#
#
#...........###
#
##.#####.....#
# ##...#
####### #..@.#
# #..g.# #
♣....♣ # ♣...♣♣
# ♣♣.♣♣ # ♣.♣♣
♣♣.♣ ♣.♣♣
########## ♣♣.♣
.........


You could see Crazy Yiuf.

Vanquished Creatures
  2 adders
  A worm (D:2)
  A goblin (D:1)
  4 hobgoblins (D:2)
  5 jackals
  6 kobolds
  3 bats
  3 giant cockroaches
  2 giant geckos
  2 giant newts
  3 rats
32 creatures vanquished.

Notes
Turn   | Place    | Note
--------------------------------------------------------------
     0 | D:1      | M4edhros the Octopode Artificer began the quest for the Orb.
     0 | D:1      | Reached XP level 1. HP: 13/13 MP: 3/3
   269 | D:2      | Reached XP level 2. HP: 18/18 MP: 4/4
   723 | D:4      | Reached skill level 4 in Evocations
   747 | D:4      | Found a staircase to the Ecumenical Temple.
   756 | Temple   | Entered the Ecumenical Temple
   813 | Temple   | Became a worshipper of Warmaster Okawaru
   842 | D:4      | Noticed George's ghost (novice DsFi)
   958 | D:1      | Reached XP level 3. HP: 15/23 MP: 6/6
  1482 | D:2      | Found a basalt altar of Yredelemnul.
  1823 | D:2      | Noticed Crazy Yiuf
  1866 | D:2      | Slain by Crazy Yiuf

Vault maps used:
D:1:      tarquinn_simple_flora_water_e, minmay_large_rounded_square
D:2:      wad_river_or_something, first_bread, minmay_misc_feat_tower,
          kennysheep_nub, yredelemnul_altar_generic, uniq_crazy_yiuf_cottage
D:3:      nicolae_tso_carved_into_rock
D:4:      temple_green, serial_shops, shop, minmay_misc_feat_x
Temple:   minmay_temple_bridge_d_8

Action                   || total
-------------------------++-------
Melee: Short sword       ||    22
       Dagger            ||    53
Evoke: Wand              ||     7
  Use: Scroll            ||     6
       Potion            ||     1
 Stab: Sleeping          ||     9
  Eat: Meat ration       ||     1
